 Dungeon Crawl Stone Soup version 0.26.1-11-gd32895ea62 (webtiles) character file.

Game seed: 4869149613818298651

109 BorisBritva the Ruffian (level 4, -14/29 HPs)
             Began as a Gargoyle Monk on July 13, 2021.
             Was a Follower of Ru.
             Demolished by an ogre
             ... wielding a +0 giant club
              (18 damage)
             ... on level 3 of the Dungeon.
             The game lasted 00:08:39 (2902 turns).

BorisBritva the Ruffian (Gargoyle Monk)             Turns: 2902, Time: 00:08:40

Health: -14/29     AC:  9    Str: 15    XL:     4   Next: 90%
Magic:  4/4        EV: 11    Int: 11    God:    Ru [*.....]
Gold:   138        SH:  0    Dex: 12    Spells: 3/3 levels left

rFire    . . .     SeeInvis .     - Unarmed
rCold    . . .     Faith    .   (no shield)
rNeg     + . .     Spirit   .   b - +0 ring mail
rPois    ∞         Reflect  .   (no helmet)
rElec    +         Harm     .   k - +0 cloak
rCorr    .         Rampage  .   (no gloves)
Will     .....                  (no boots)
Stlth    +.........             (no amulet)
HPRegen  0.09/turn              (no ring)
MPRegen  0.09/turn              (no ring)

@: no status effects
A: negative energy resistance 1, electricity resistance, unbreathing,
petrification resistance, miasma immunity, hated by all, AC +3
a: Renounce Religion


You were on level 3 of the Dungeon.
You worshipped Ru.
Ru was aware of your devotion.
You visited 1 branch of the dungeon, and saw 3 of its levels.

You collected 138 gold pieces.

Inventory:

Armour
 b - a +0 ring mail (worn)
 k - a +0 cloak (worn)
Jewellery
 j - an uncursed ring of positive energy {unknown}
Scrolls
 a - 3 scrolls of teleportation
 e - 2 scrolls of enchant weapon {unknown}
 g - 3 scrolls of identify {unknown}
 h - a scroll of random uselessness {unknown}
Potions
 c - 2 potions of heal wounds {unknown}
 d - a potion of invisibility {unknown}
 f - a potion of might {unknown}
 i - a potion of mutation {unknown}


   Skills:
 + Level 3.8 Fighting
 + Level 0.7 Armour
 + Level 3.0 Dodging
 - Level 2.1 Stealth
 + Level 4.5 Unarmed Combat


You had 3 spell levels left.
You didn't know any spells.
Your spell library was empty.

Dungeon Overview and Level Annotations

Branches:
Dungeon (3/15)

Altars:
Ru


Innate Abilities, Weirdness & Mutations

You are resistant to torment.
Your stone body is resilient. (AC +3)
You are immune to poison.
You resist negative energy. (rN+)
You are resistant to electric shocks. (rElec)
You can survive without breathing.
You are immune to petrification.
You are immune to miasma.
You are hated by all.


Message History

The ogre is heavily wounded.
You hit the ogre.
The ogre is severely wounded.
The ogre hits you with a +0 giant club!
You hit the ogre.
The ogre is severely wounded.
The ogre closely misses you.
You hit the ogre but do no damage.
The ogre is severely wounded.
You hit the ogre.
The ogre is almost dead.
The ogre hits you with a +0 giant club!
* * * LOW HITPOINT WARNING * * *
You are too injured to fight recklessly!
You are too injured to fight recklessly!
You closely miss the ogre.
The ogre is almost dead.
The ogre hits you with a +0 giant club!!
Ouch! That really hurt!
You die...

# ### # #.. # #.#
################.#######
...[....................
..#####.......##......#
..# #†......##......#
#######.......##O#
.≈≈#...#########@#
._≈###.# #.......#
.≈≈#.#.# #......†#
####.#.# #.......#
.#<..#.###.......#
.........#######.#
.#.#.#...# #.#
.#.#.#...#######.#
.#.###.).......#.#


You could see an ogre.

Vanquished Creatures
  4 adders
  An ooze (D:3)
  2 worms (D:3)
  2 dart slugs
  2 leopard geckos
  2 giant cockroaches
  9 goblins
  5 hobgoblins
  6 jackals
  6 kobolds
  4 quokkas
  6 bats
  2 frilled lizards (D:2)
  2 rats
53 creatures vanquished.

Notes
Turn   | Place    | Note
-------+----------+-------------------------------------------
     0 | D:1      | BorisBritva the Gargoyle Monk began the quest for the Orb.
     0 | D:1      | Reached XP level 1. HP: 14/14 MP: 1/1
   183 | D:1      | Reached XP level 2. HP: 19/19 MP: 2/2
   623 | D:1      | Reached XP level 3. HP: 11/24 MP: 3/3
  1760 | D:2      | Reached XP level 4. HP: 25/29 MP: 4/4
  1788 | D:2      | Reached skill level 4 in Unarmed Combat
  2540 | D:3      | Found a sacrificial altar of Ru.
  2586 | D:3      | Became a worshipper of Ru the Awakened
  2673 | D:3      | Gained mutation: You are hated by all. [Ru sacrifice]
  2673 | D:3      | Reached * piety under Ru
  2883 | D:3      | Noticed an ogre
  2902 | D:3      | Demolished by an ogre

Illustrated notes

Levels and vault maps discovered:
D:1:      zaba_arrival_water, layout_basic
D:2:      layout_loops_ring
D:3:      layout_basic, nicolae_ru_path_of_blood

Skill      XL: |  1  2  3  4 |
---------------+-------------+-----
Unarmed Combat | 4 |  4.5
Dodging        | 3 |  3.0
Fighting       | |  3.8
Armour         | |  0.7
Stealth        | |  2.1

Action                   |  1- 3 |  4- 6 || total
-------------------------+-------+-------++-------
Melee: Unarmed           |   140 |   120 ||   260
       Punch             |     1 |     1 ||     2
Invok: Sacrifice Love    |       |     1 ||     1
  Use: Scroll            |     2 |       ||     2
 Stab: Sleeping          |     1 |     1 ||     2
Armor: Robe              |    23 |       ||    23
       Ring mail         |    16 |    46 ||    62
Dodge: Dodged            |   104 |    46 ||   150
